 Dungeon Crawl Stone Soup version 0.17-a0-2064-g265a032 (webtiles) character file.

375 Shim the Charmwright (level 6, -1/41 HPs)
             Began as a High Elf Skald on Oct 12, 2015.
             Was an Initiate of Okawaru.
             Slain by an ogre
             ... wielding a +0 giant club
              (29 damage)
             ... on level 4 of the Dungeon.
             The game lasted 00:23:56 (4485 turns).

Shim the Charmwright (High Elf Skald)               Turns: 4485, Time: 00:23:56

Health: -1/41      AC:  3    Str: 11    XL:     6   Next: 44%
Magic:  4/12       EV: 13    Int: 16    God:    Okawaru [......]
Gold:   153        SH:  0    Dex: 17    Spells: 4 memorised, 4 levels left

rFire  . . .     SeeInvis .     r - +2 dagger (speed)
rCold  . . .     Clarity  .     b - +0 leather armour
rNeg   . . .     SustAt   .     (no shield)
rPois  .         Gourm    .     (no helmet)
rElec  .         Spirit   .     (no cloak)
rCorr  .         Warding  .     (no gloves)
rMut   .         Stasis   .     (no boots)
MR     .....                    i - amulet of regeneration
Stlth  ++........               (no ring)
                                h - ring of wizardry

@: infused, singing, not resistant to hostile enchantments, unstealthy
A: no striking features
a: Renounce Religion, Stop Singing


You were on level 4 of the Dungeon.
You worshipped Okawaru.
Okawaru was noncommittal.
You were near starving.

You visited 2 branches of the dungeon, and saw 5 of its levels.

You collected 153 gold pieces.

Inventory:

Hand Weapons
 a - a +0 short sword
 r - a +2 dagger of speed (weapon)
 u - a cursed -2 dagger
Armour
 b - a +0 leather armour (worn)
 l - a cursed +0 ring mail
Jewellery
 h - a ring of wizardry (left hand)
 i - an amulet of regeneration (around neck)
Wands
 s - a wand of magic darts (27)
Scrolls
 g - 2 scrolls of teleportation
 n - 2 scrolls of recharging {unknown}
 v - 2 scrolls of identify
 w - 3 scrolls of noise {unknown}
 x - a scroll of amnesia {unknown}
Potions
 e - a potion of poison {unknown}
 f - a potion of cure mutation {unknown}
 j - 2 potions of curing {unknown}
 k - a potion of brilliance {unknown}
 o - a potion of flight {unknown}
Books
 c - a book of Battle

   Spells                             Type                      Level
   a - Infusion                       Charms                       1
   b - Shroud of Golubria             Charms/Translocation         2
   c - Song of Slaying                Charms                       2
   d - Spectral Weapon                Hexes/Charms                 3
   e - Regeneration                   Charms/Necromancy            3
 p - a Fen Folio

   Spells                             Type                      Level
   a - Corpse Rot                     Necromancy                   2
   b - Stone Arrow                    Conjuration/Earth            3
   c - Leda's Liquefaction            Hexes/Earth                  4
   d - Summon Forest                  Summoning/Translocation      5
   e - Hydra Form                     Transmutation                6
   f - Summon Hydra                   Summoning                    7
Comestibles
 d - 3 bread rations
 m - 2 meat rations
 t - 4 fruits


   Skills:
 + Level 2.5 Fighting
 + Level 2.7 Short Blades
 + Level 2.3 Armour
 + Level 3.0 Dodging
 * Level 2.7 Stealth
 + Level 3.6 Spellcasting
 + Level 5.2 Charms
 + Level 1.5 Translocations


You had 4 spell levels left.
You knew the following spells:

 Your Spells              Type           Power        Failure   Level  Hunger
a - Infusion              Chrm           ###...       1%          1    None
b - Song of Slaying       Chrm           ###.....     1%          2    ##.....
c - Shroud of Golubria    Chrm/Tloc      ##........   4%          2    ##.....
d - Regeneration          Chrm/Necr      ##........   10%         3    ###....


Dungeon Overview and Level Annotations

Branches:
Dungeon (4/15)             Temple (1/1) D:4

Altars:
Ashenzari
Cheibriados
Dithmenos
Elyvilon
Fedhas
Gozag
Makhleb
Okawaru
Qazlal
Ru
Sif Muna
Trog
Xom
Yredelemnul
Zin
The Shining One


Message History

Casting: Shroud of Golubria
Confirm with . or Enter, or press ? or * to list all spells.
You start singing a song of slaying.
Casting: Song of Slaying
Confirm with . or Enter, or press ? or * to list all spells.
You begin infusing your attacks with magical energy.
The ogre hits you with a giant club!
Your shroud falls apart!
You hit the ogre.
The ogre is lightly wounded.
The ogre misses you.
You are near starving!
Casting: Infusion
Confirm with . or Enter, or press ? or * to list all spells.
Space distorts slightly along a thin shroud covering your body.
You hit the ogre.
The ogre is moderately wounded.
The ogre hits you with a giant club!!
Ouch! That really hurt!
You die...

###########
#.........############
#.##.##.#.#..........#
#.##.##.#.#..#..####.
#.##....#.#O###.###
#.##.#....@## ##..#
#.##......#.# #.#.#
#.......###..#.|#.#
#.....### ........
#.###.# #####.... #.#
#.# ...... #.###.#
#....... #.....#
#.......# ###.###
##.......


You could see an ogre.

Vanquished Creatures
  An ogre (D:4)
  The ghost of emiel the Skirmisher, a weakling MiWn of Trog (D:4)
  Ijyb (D:3)
  A hound (D:4)
  A giant frog skeleton (D:4)
  2 adders
  An ooze (D:4)
  2 worms (D:3)
  5 giant geckos
  A ball python (D:3)
  13 bats
  6 giant cockroaches
  19 goblins
  11 hobgoblins
  17 jackals
  8 kobolds
  8 giant newts
  2 quokkas (D:3)
  12 rats
112 creatures vanquished.

Notes
Turn   | Place    | Note
--------------------------------------------------------------
     0 | D:1      | Shim the High Elf Skald began the quest for the Orb.
     0 | D:1      | Reached XP level 1. HP: 14/14 MP: 4/4
   205 | D:1      | Reached skill level 1 in Armour
   209 | D:1      | Reached XP level 2. HP: 14/19 MP: 4/6
   287 | D:1      | Reached skill level 4 in Charms
   616 | D:1      | Learned a level 2 spell: Song of Slaying
   756 | D:1      | Learned a level 2 spell: Shroud of Golubria
   809 | D:1      | Reached XP level 3. HP: 22/25 MP: 4/7
  1953 | D:2      | Reached skill level 1 in Stealth
  2454 | D:2      | Found an opulent altar of Gozag.
  2485 | D:2      | Reached XP level 4. HP: 27/30 MP: 6/9
  2894 | D:3      | Learned a level 3 spell: Regeneration
  2920 | D:3      | Found a blossoming altar of Fedhas.
  3281 | D:3      | Noticed Ijyb
  3322 | D:3      | Killed Ijyb
  3322 | D:3      | Reached XP level 5. HP: 35/35 MP: 2/10
  3547 | D:3      | Noticed a moth of wrath
  3549 | D:3      | Found a bloodstained altar of Trog.
  3935 | D:4      | Noticed an ogre
  3952 | D:4      | Killed an ogre
  3952 | D:4      | Reached skill level 5 in Charms
  3952 | D:4      | Reached XP level 6. HP: 23/41 MP: 0/12
  4095 | D:4      | Noticed emiel's ghost (weakling MiWn)
  4118 | D:4      | Reached skill level 1 in Translocations
  4173 | D:4      | Killed emiel's ghost
  4293 | D:4      | Found a staircase to the Ecumenical Temple.
  4328 | Temple   | Entered the Ecumenical Temple
  4403 | Temple   | Became a worshipper of Warmaster Okawaru
  4485 | D:4      | Slain by an ogre

Vault maps used:
D:1:      eino_arrival_tree_alley
D:2:      nicolae_gozag_cash_rules_everything_around_me
D:3:      kennysheep_the_goblin_king, tgw_trog, fedhas_altar_fruit_tree
D:4:      minmay_temple_entry_large_hall, first_bread, minmay_hedge_maze
Temple:   water_room_temple_a_12

Action                   |  1- 3 |  4- 6 || total
-------------------------+-------+-------++-------
Melee: Short sword       |   184 |    17 ||   201
       Dagger            |       |   268 ||   268
 Cast: Infusion          |     4 |     2 ||     6
       Song of Slaying   |     7 |    13 ||    20
       Shroud of Golubri |     5 |    21 ||    26
       Regeneration      |       |     3 ||     3
  Use: Scroll            |     1 |     1 ||     2
 Stab: Sleeping          |       |     3 ||     3
  Eat: Chunk             |     5 |     9 ||    14
